 Dungeon Crawl Stone Soup version 0.28.0-43-g3370ac3207 (webtiles) character file.

Game seed: 12829433235731244348

532 FrostSilk the Skirmisher (level 7, -1/62 HPs)
             Began as a Minotaur Fighter on Mar 11, 2022.
             Succumbed to a gnoll sergeant's poison
             ... on level 4 of the Dungeon on Mar 13, 2022.
             The game lasted 00:18:11 (4503 turns).

FrostSilk the Skirmisher (Minotaur Fighter)         Turns: 4503, Time: 00:18:11

Health: -1/62      AC: 14    Str: 23    XL:     7   Next: 3%
Magic:  1/6        EV:  7    Int:  5    God:
Gold:   168        SH:  5    Dex:  9    Spells: 6/6 levels left

rFire   . . .      SeeInvis .   a - +1 long sword (drain)
rCold   . . .      Faith    .   c - +0 buckler
rNeg    . . .      Spirit   +   p - +1 chain mail
rPois   .          Reflect  .   (helmet restricted)
rElec   .          Harm     .   (no cloak)
rCorr   .          Rampage  .   q - +2 pair of gloves
Will    .....                   (no boots)
Stlth   ..........              b - amulet of guardian spirit
HPRegen 0.20/turn               (no ring)
MPRegen 0.10/turn               (no ring)

@: lethally poisoned (-1 -> -24)
A: horns 2, retaliatory headbutt
a: no special abilities


You were on level 4 of the Dungeon.
You visited 1 branch of the dungeon, and saw 4 of its levels.

You collected 168 gold pieces.

Inventory:

Hand Weapons
 a - a +1 long sword of draining (weapon)
 n - a +0 morningstar
Armour
 c - a +0 buckler (worn)
 p - a +1 chain mail (worn)
 q - a +2 pair of gloves (worn)
Jewellery
 b - an amulet of guardian spirit (around neck)
Wands
 e - a wand of flame (16) (quivered)
Scrolls
 g - a scroll of brand weapon
 i - a scroll of amnesia {unknown}
 k - a scroll of fear {unknown}
 o - a scroll of identify
Potions
 d - a potion of might
 f - 2 potions of magic {unknown}
 h - a potion of cancellation
 j - 3 potions of curing {unknown}
 l - a potion of mutation {unknown}
 m - a potion of brilliance {unknown}


   Skills:
 + Level 5.7 Fighting
 + Level 5.0 Long Blades
 + Level 5.7 Armour
 + Level 5.7 Shields


You had 6 spell levels left.
You didn't know any spells.
Your spell library contained the following spells:

 Spells                   Type           Power      Damage    Failure   Level
 Apportation              Tloc           0%         N/A       99%         1
 Animate Armour           Summ/Erth      0%         N/A       100%        4
 Alistair's Intoxication  Tmut/Pois      0%         N/A       100%        5
 Blade Hands              Tmut           0%         N/A       100%        5
 Iron Shot                Conj/Erth      0%         9d1       100%        6


Dungeon Overview and Level Annotations

Branches:
Dungeon (4/15)
 Temple: D:4-7

Altars:


Innate Abilities, Weirdness & Mutations

You have a pair of horns on your head.
You reflexively headbutt those who attack you in melee.


Message History

The gnoll barely misses you. You block the gnoll's attack.
There is an open door here.
You hit the gnoll. You drain the gnoll. Your headbutt misses the gnoll.
The gnoll is heavily wounded.
The gnoll sergeant hits you with a +7 spear of venom.
The gnoll hits you but does no damage. x2; The gnoll barely misses you.
The gnoll hits you but does no damage.
You slash the gnoll!
You kill the gnoll!
The gnoll sergeant closely misses you.
The gnoll hits you but does no damage. x2
You block the gnoll's attack.
Your Long Blades skill increases to level 5!
You slash the gnoll sergeant!
The gnoll sergeant is moderately wounded.
The gnoll sergeant hits you with a +7 spear of venom.
The gnoll hits you but does no damage.
The gnoll hits you from afar with a +0 halberd.
The gnoll hits you from afar with a +0 spear.
You hit the gnoll sergeant.
The gnoll sergeant is heavily wounded.
The gnoll sergeant hits you but does no damage.
You are poisoned.
The gnoll hits you with a +0 spear. You block the gnoll's attack.
The gnoll hits you but does no damage.
You closely miss the gnoll sergeant.
The gnoll sergeant is heavily wounded.
You feel sick.
The gnoll sergeant hits you but does no damage.
You are more poisoned.
The gnoll hits you but does no damage.
The gnoll hits you from afar with a +0 halberd!
* * * LOW HITPOINT WARNING * * *
You block the gnoll's attack.
* * * LOW HITPOINT WARNING * * *
You feel very sick.
The gnoll sergeant hits you from afar with a +7 spear of venom.
* * * LOW HITPOINT WARNING * * *
You are more poisoned.
You block the gnoll's attack.
You die...

###********
#≈≈≈≈≈≈≈≈≈*
#≈#*≈≈≈**≈*
#≈######*≈*
##≈≈#g..#≈≈*
#.@.'gg(#≈≈*
#.≈≈#g..#≈≈*
####.≈######*≈* ##
#....≈##≈≈≈##≈* ###.
#.###≈≈≈≈≈≈≈≈≈*####...
#.###.#.#.##***#......
#.##..#.#.######.##.#.
#.##.##.#...........#.
#.......########.#####


You could see a gnoll sergeant and 3 gnolls.

Vanquished Creatures
  3 ogres
  2 hounds
  A jelly (D:4)
  6 gnolls (D:4)
  6 adders
  2 worms
  2 dart slugs
  An orc (D:4)
  4 endoplasms
  3 giant cockroaches
  5 goblins
  6 hobgoblins
  2 jackals (D:2)
  4 kobolds
  5 quokkas
  7 ball pythons
  11 bats
  7 frilled lizards
  5 rats
82 creatures vanquished.

Notes
Turn   | Place    | Note
-------+----------+-------------------------------------------
     0 | D:1      | FrostSilk the Minotaur Fighter began the quest for the Orb.
     0 | D:1      | Reached XP level 1. HP: 19/19 MP: 0/0
   425 | D:1      | Reached XP level 2. HP: 27/27 MP: 1/1
   870 | D:2      | Reached XP level 3. HP: 24/33 MP: 2/2
  1210 | D:2      | Found a faded altar of an unknown god.
  2015 | D:3      | Reached XP level 4. HP: 41/41 MP: 3/3
  2655 | D:4      | Noticed an ogre
  2668 | D:4      | Reached XP level 5. HP: 29/47 MP: 4/4
  2792 | D:3      | Killed an ogre
  2793 | D:3      | Reached skill level 5 in Fighting
  2793 | D:3      | Reached skill level 5 in Armour
  2793 | D:3      | Reached skill level 5 in Shields
  3179 | D:4      | Reached XP level 6. HP: 53/56 MP: 5/5
  3520 | D:4      | HP: 2/56 [ogre/+0 giant spiked club (19)]
  4496 | D:4      | Reached XP level 7. HP: 55/62 MP: 4/6
  4499 | D:4      | Reached skill level 5 in Long Blades
  4503 | D:4      | Succumbed to a gnoll sergeant's poison

Illustrated notes

Levels and vault maps discovered:
D:1:      saegor_arrival_simple_b, layout_basic
D:2:      layout_basic, shapermc_ecumenical_altar_mp_highgroup,
          minmay_box_of_dots
D:3:      layout_loops_ring, hex_tiny
D:4:      layout_loops_cross, corexii_corridor_pit, lightli_minifort

Skill      XL: |  1  2  3  4  5  6  7 |
---------------+----------------------+-----
Fighting       | 4 5 |  5.7
Long Blades    | 3 4 5 |  5.0
Armour         | 4 5 |  5.7
Shields        | 4 5 |  5.7

Action                   |  1- 3 |  4- 6 |  7- 9 || total
-------------------------+-------+-------+-------++-------
Melee: Long sword        |   106 |    76 |     5 ||   187
       Headbutt          |    12 |    17 |       ||    29
Evoke: Wand              |       |     5 |       ||     5
  Use: Scroll            |     2 |     4 |       ||     6
Armor: Scale mail        |    66 |     2 |       ||    68
       Chain mail        |       |    35 |    11 ||    46
Dodge: Dodged            |    56 |    44 |     3 ||   103
Block: Buckler           |    22 |    23 |     5 ||    50
